AoeStats
← NTM.El_Dudu

Arabia

510031003Analyzed
4v4 RM · 4d ago on Sep 29, 2026· 38m 55s· 8 players
Game mode
Random Map
Map size
Large (8 player)
Population
200
Speed
Normal
Resources
Standard
Victory
Conquest
Starting age
Dark Age
Ending age
Imperial Age
RankedLock teamsTeams togetherTeam positionsShared explorationLock speedFull tech treeHidden civsTurbo modeCheats
Victory
Defeat
🇲🇽 Wei · Mexico
1318
+7
🇨🇴 Britons · Colombia
1182
+12
🇵🇪 Persians · Peru
1175
+12
🇲🇽 Maya · Mexico
1155
+12
🇲🇴 Burgundians · Macao SAR China
1121
-13
🇦🇷 Vietnamese · Argentina
1094
-11
🇵🇪 Aztecs · Peru
1072
-10
🇦🇷 Italians · Argentina
1053
-9
Barbaren
0:29 Loom
7:01 Double-Bit Axe
13:22 Feudal Age
11:47 Gold Mining
14:25 Bow Saw
16:22 Wheelbarrow
24:57 Gold Shaft Mining
27:54 Fletching
28:47 Hand Cart
33:53 Castle Age
marshall_o18
1:01 Loom
11:09 Feudal Age
17:57 Castle Age
17:26 Double-Bit Axe
18:29 Scale Mail Armor
19:07 Pikeman
21:19 Forging
32:22 Imperial Age
30:22 Arson
30:37 Squires
32:44 Stone Mining
33:49 Elite Jaguar Warrior
Marianob04
6:40 Loom
9:21 Feudal Age
10:15 Double-Bit Axe
12:27 Fletching
16:03 Padded Archer Armor
26:24 Wheelbarrow
32:18 Castle Age
Azazeliums
0:41 Loom
11:12 Feudal Age
16:58 Castle Age
14:58 Fletching
17:38 Double-Bit Axe
18:10 Crossbowman
36:10 Gold Mining
40:25 Imperial Age
38:59 Stone Mining
NTM.El_Dudu
6:30 Loom
9:17 Feudal Age
9:46 Double-Bit Axe
9:42 Horse Collar
14:41 Scale Barding Armor
18:02 Wheelbarrow
18:58 Town Watch
21:19 Castle Age
21:03 Forging
21:05 Bloodlines
20:48 Gold Mining
20:52 Stone Mining
21:11 Town Watch
22:55 Bow Saw
30:05 Iron Casting
32:02 Husbandry
32:24 Chain Barding Armor
37:03 Imperial Age
35:35 Hand Cart
35:26 Heavy Plow
38:30 Ming Guang Armor
39:06 Blast Furnace
38:07 Heavy Hei Guang Cavalry
39:48 Crop Rotation
39:55 Gold Shaft Mining
40:31 Chemistry
ntm.KongDiablo
0:30 Loom
1:04 Loom
10:35 Feudal Age
13:35 Fletching
22:35 Castle Age
21:34 Town Watch
21:51 Padded Archer Armor
22:37 Crossbowman
24:19 Bodkin Arrow
26:05 Thumb Ring
26:49 Squires
28:36 Double-Bit Axe
31:29 Wheelbarrow
31:31 Bow Saw
36:34 Gold Mining
39:36 Imperial Age
NTM.W.ALARCON
6:32 Loom
10:03 Feudal Age
10:51 Double-Bit Axe
10:58 Gold Mining
13:37 Fletching
23:16 Castle Age
21:37 Gold Mining
23:23 Crossbowman
24:24 Bodkin Arrow
25:22 Padded Archer Armor
26:09 Gold Shaft Mining
28:29 Ballistics
32:32 Leather Archer Armor
41:09 Imperial Age
39:15 Wheelbarrow
11++
6:17 Loom
9:02 Feudal Age
11:00 Horse Collar
12:35 Bloodlines
15:59 Scale Barding Armor
16:44 Gold Mining
17:50 Double-Bit Axe
19:16 Forging
24:19 Castle Age
24:52 Husbandry
25:15 Chain Barding Armor
25:56 Bow Saw
26:42 Gold Shaft Mining
27:32 Iron Casting
28:46 Fletching
30:23 Heavy Plow
32:55 Wheelbarrow
39:30 Imperial Age
37:19 Hand Cart
38:39 Town Watch
Connection lost

Rejoining the realm…

Still unreachable

The connection could not be restored.

Session expired

The server has moved on; the page needs a fresh start.